 Dungeon Crawl Stone Soup version 0.31-a0-329-g52107efa6a (webtiles) character file.

Game seed: 1111282187716940230

256 AdnanSaban the Cudgeller (level 6, -15/39 HPs)
             Began as a Gargoyle Fighter on July 19, 2023.
             Killed from afar by a steam dragon (19 damage)
             ... with a ball of steam
             ... on level 4 of the Dungeon.
             The game lasted 00:03:10 (2928 turns).

AdnanSaban the Cudgeller (Gargoyle Fighter)         Turns: 2928, Time: 00:03:11

Health: -15/39     AC: 16    Str: 22    XL:     6   Next: 16%
Magic:  6/6        EV:  6    Int:  8    God:
Gold:   221        SH:  4    Dex:  9    Spells: 5/5 levels left

rFire   . . .        l - +2 mace (protect)
rCold   . . .        c - +0 buckler
rNeg    + . .        w - +0 plate armour
rPois   ∞            (no helmet)
rElec   +            (no cloak)
rCorr   .            (no gloves)
SInv    .            (no boots)
Will    .....        (no amulet) Stlth
                     m - ring of flight
HPRegen 0.26/turn    (no ring)
MPRegen 0.10/turn

%: no passive effects
@: flying
A: sickness immunity, AC +4, negative energy resistance 1, electricity
resistance, torment resistance 1, petrification resistance
a: no special abilities


You were on level 4 of the Dungeon.
You visited 1 branch of the dungeon, and saw 4 of its levels.

You collected 221 gold pieces.

Inventory:

Hand Weapons
 l - a +2 mace of protection (weapon)
Armour
 c - a +0 buckler (worn)
 w - a +0 plate armour (worn)
Jewellery
 m - a ring of flight (left hand)
 r - a +6 ring of intelligence
Wands
 k - a wand of flame (21)
Scrolls
 e - 5 scrolls of identify {unknown}
 f - 2 scrolls of fear {unknown}
 g - a scroll of noise {unknown}
 h - 2 scrolls of brand weapon {unknown}
 o - a scroll of enchant weapon {unknown}
 q - a scroll of butterflies {unknown}
 t - a scroll of enchant armour {unknown}
 v - a scroll of blinking {unknown}
Potions
 a - 2 potions of heal wounds {unknown}
 d - a potion of might
 i - a potion of ambrosia {unknown}
 j - a potion of berserk rage {unknown}
 n - a potion of mutation {unknown}
 p - 2 potions of curing {unknown}
 s - 2 potions of magic {unknown}
 u - a potion of enlightenment {unknown}


   Skills:
 + Level 4.4 Fighting
 + Level 4.5 Maces & Flails
 + Level 4.3 Armour
 + Level 4.0 Shields


You had 5 spell levels left.
You didn't know any spells.
Your spell library was empty.

Dungeon Overview and Level Annotations

Branches:
Dungeon (4/15)
 Temple: D:4-7

Altars:
Kikubaaqudgha
Vehumet

Annotations:
D:3 1 runed translucent door, greenbourne's ghost, amateur DrBe


Innate Abilities, Weirdness & Mutations

You are immune to sickness and miasma.
Your stone body is resilient. (AC +4)
You are immune to poison.
You resist negative energy. (rN+)
You are resistant to electric shocks. (rElec)
You are resistant to unholy torment.
You are immune to petrification.


Message History

You start removing your armour.
You continue taking off your +0 scale mail. x4
You finish taking off your +0 scale mail.
You start putting on your armour.
You continue putting on your +0 plate armour. x5
You finish putting on your +0 plate armour.
You drop a +0 scale mail.
You now have 195 gold pieces (gained 14).
You now have 204 gold pieces (gained 9).
As you open the door, it creaks loudly!
There is an open door here.
Found a stone staircase leading up.
You now have 221 gold pieces (gained 17).
A steam dragon comes into view.
The steam dragon breathes steam at you. The ball of steam hits you!!
No reachable target in view!
No reachable target in view!
No reachable target in view!
No reachable target in view!
No reachable target in view!
No reachable target in view!
No reachable target in view!
No reachable target in view!
No reachable target in view!
No reachable target in view!
No reachable target in view!
No reachable target in view!
No reachable target in view!
No reachable target in view!
No reachable target in view!
The steam dragon breathes steam at you. The ball of steam hits you!
The steam dragon breathes steam at you. The ball of steam hits you!
* * * LOW HITPOINT WARNING * * *
A steam dragon is nearby!
The steam dragon breathes steam at you. The ball of steam hits you!!
You die...

..............#.......#
..#####.....#.#.#<..#
... #.............###
#.#######.......# #.
#.....#.#.# #.#.#
#.#####...# #.#.# #.#
##### #.#.# ###.####
#.#.# #.@....# #.#.#
#§#.##.# #.#.# #§#.##.#
###§#.# #.#.##.#
###.....# #.#.##.#
#...§D#.###D#....#
#.#D##.§§§..####.#
#§##.###### ### #.##.#


There were no monsters in sight!

Vanquished Creatures
  A hound (D:4)
  An iguana (D:3)
  Robin (D:2)
  3 gnolls (D:2)
  7 adders
  A worm (D:2)
  4 dart slugs
  3 orcs (D:3)
  6 ball pythons
  4 endoplasms
  5 giant cockroaches
  13 goblins
  6 hobgoblins
  5 jackals
  5 kobolds
  5 quokkas
  5 bats
  6 frilled lizards
  6 rats
87 creatures vanquished.

Notes
Turn   | Place    | Note
-------+----------+-------------------------------------------
     0 | D:1      | AdnanSaban the Gargoyle Fighter began the quest for the
                  | Orb.
     0 | D:1      | Reached XP level 1. HP: 14/14 MP: 1/1
   129 | D:1      | Reached XP level 2. HP: 19/19 MP: 2/2
   470 | D:1      | Reached XP level 3. HP: 16/23 MP: 3/3
   726 | D:2      | Found a faded altar of an unknown god.
   773 | D:2      | Reached XP level 4. HP: 28/29 MP: 4/4
   996 | D:2      | Noticed Robin
  1012 | D:2      | Killed Robin
  1116 | D:2      | Found an ancient bone altar of Kikubaaqudgha.
  1332 | D:2      | Reached XP level 5. HP: 15/33 MP: 5/5
  1944 | D:3      | Found a radiant altar of Vehumet.
  2020 | D:3      | Identified the orb of Jally {guile, Str+4}
  2347 | D:3      | Found a runed translucent door.
  2348 | D:3      | Noticed greenbourne's ghost (amateur DrBe)
  2453 | D:3      | Reached XP level 6. HP: 39/39 MP: 6/6
  2914 | D:4      | Noticed a steam dragon
  2928 | D:4      | Killed from afar by a steam dragon

Illustrated notes

Levels and vault maps discovered:
D:1:      dpeg_arrival_round_b, layout_basic
D:2:      layout_loops_ring, basic_altar,
          hellmonk_ecumenical_altar_leap_of_faith, serial_forest,
          infiniplex_forest_straight_1, infiniplex_forest_lined_3,
          infiniplex_forest_lined_corner, infiniplex_forest_side_room,
          infiniplex_forest_corner_2, infiniplex_forest_zigzag_1,
          infiniplex_forest_straight_2, infiniplex_forest_clump_tiny,
          infiniplex_forest_clump_long, uniq_robin
D:3:      wad_river_or_something, layout_loops_corners,
          mainiacjoe_overflow_catwalk, ebering_ghost_inner_flame
D:4:      layout_basic

Skill      XL: |  1  2  3  4  5  6 |
---------------+-------------------+-----
Maces & Flails | 3 4 |  4.5
Fighting       | 4 |  4.4
Armour         | 4 |  4.3
Shields        | 4 |  4.0

Action                     |  1- 3 |  4- 6 || total
---------------------------+-------+-------++-------
  Melee: Flail             |    79 |    63 ||   142
         Mace              |       |   117 ||   117
 Armour: Scale mail        |    44 |    91 ||   135
  Dodge: Dodged            |    43 |    93 ||   136
  Block: Buckler           |    15 |    39 ||    54

Table legend: (Time is in decaauts)
 A = Elapsed time spent in this place.
 B = Non-inter-level travel time spent in this place.
 C = Inter-level travel time spent in this place.
 D = Time resting spent in this place.
 E = Time spent auto-exploring this place.
 F = Levels seen in this place.
 G = Mean time per level.
                   A        B        C        D        E       F      G
               +--------+--------+--------+--------+--------+-----+--------+
         Total |   2997 |   2903 |     94 |      0 |   2300 |   4 |  749.2 |
       Dungeon |   2997 |   2903 |     94 |      0 |   2300 |   4 |  749.2 |
               +--------+--------+--------+--------+--------+-----+--------+

Top non-repeatable levels by time:
     D:3: 1111 daAuts
     D:2: 980 daAuts
     D:1: 726 daAuts
     D:4: 178 daAuts
